← All builds
Front / Cortex / Economy first / OBSERVED BUILD

Lasher skirmishers

Vehicle Plant opens instead of Bot Lab, and by 2:08 the player commits to Lasher missile trucks (with early Incisor raiding) that push straight to middle and fight there, well ahead of the role's usual T2 constructor timing.

#raid #artillery #push · 17 distinct matches · 11 players · 7% of Cortex Front games · team won 59% of 17 · Recently observed

THE CATCH, AND WHAT COMES WITH IT
  • LasherT1 vehicle skirmishers from 2:08 · 9% of role by thenFrom the Vehicle Plant. Only 9% of Front games have it by then; others who build it get it around 2:33
  • Vehicle PlantVehicle Plant in 100%25% of all Front games by then
  • IncisorIncisor in 100%24% of all Front games by then
  • LasherLasher in 82%8% of all Front games by then
  • IncisorIncisor in 47%13% of all Front games by then

Where those units first fight, in 17 games with kill data: in the middle 100%.

Those units destroy a typical 2,421 metal of enemy units by 15:00.

Then transitions into incisor (18% of army), brute (9% of army).

HOW TO PLAY IT

Key timing: Vehicle Plant by 0:42, Lasher line from 2:08

  1. Skip bot lab, open vehicle plant immediately instead.
  2. Push Incisor raiders out fast before committing further.
  3. Bring Lasher skirmishers to middle far ahead of role norm.
  4. Layer guards and extra mex to hold the wider front.
  5. Transition into Brute-led T1 vehicle assault composition.

Phase by phase

TYPICAL OF ITS 17 GAMES · AGAINST STANDARD FRONT
  1. 1
  2. 2
  3. 3
  4. 4
PLAY THE OPENING

Follow the example game's first 6:00 step by step: what to build now, what comes next, and where it goes. At 1× it keeps pace with your own game.

  1. 1

    Up to the Vehicle Plant

    Economy
    • Metal Extractor2Mex
    Order
    1. Vehicle PlantVehicle Plant after 2 mexdone ~0:48, middle half 0:28–0:51

    Some games also: wind (47%)

    By 0:23 in all: 2 mex

    The example game in this phase · 2 steps
    1. Wind
    2. Vehicle PlantVehicle Plantdone 0:28 · typical 0:48
  2. 2

    Vehicle Plant to T1 vehicle skirmishers

    Economy
    • Metal Extractor3Mex
    • Wind Turbine1Wind
    Order
    1. LasherT1 vehicle skirmishers after 5 mex, 2 wind
    Builders
    • Construction Vehicle3 Con vehicle +3 vs standard
    Army
    • Rascal4 Rascal +4 vs standard
    • Incisor1 Incisor

    Some games also: pounder (47%)

    The standard build makes here, this one skips: 2 con bot · 3 grunt · 2 thug

    By 2:08 in all: 5 mex · 2 wind

    The example game in this phase · 13 steps
    1. Mex
    2. IncisorIncisor
    3. Mex
    4. Wind
    5. IncisorIncisor ×2
    6. Mex
    7. Construction VehicleCon vehicle
    8. Mex
    9. Construction VehicleCon vehicle
    10. Mex
    11. Radar TowerRadar Tower
    12. Construction VehicleCon vehicle
    13. LasherLasherdone 2:32
  3. 3

    T1 vehicle skirmishers to 5:00

    Economy
    • Metal Extractor2Mex
    • Wind Turbine4Wind+2 vs standard
    Builders
    • Construction Turret1 Con turret
    Army
    • Guard2 Guard
    • Lasher9 Lasher +9 vs standard

    Some games also: Twin Guard (35%) · con vehicle (35%)

    The standard build makes here, this one skips: 3 aggravator · 3 thug

    By 5:00 in all: 6 mex · 7 wind (standard 5) · 1 con turret

    The example game in this phase · 9 steps
    1. Mex
    2. GuardGuard
    3. LasherLasher
    4. GuardGuard
    5. LasherLasher ×2
    6. GuardGuard
    7. LasherLasher
    8. GuardGuard
    9. LasherLasher ×8
  4. 4

    5:00 to 10:00

    Economy
    • Metal Extractor1Mex
    • Wind Turbine16Wind
    • Energy Storage1Energy storage
    Builders
    • Construction Turret3 Con turret
    • Construction Vehicle2 Con vehicle +2 vs standard
    Army
    • Guard2 Guard
    • Lasher5 Lasher +5 vs standard
    • Incisor1 Incisor
    Other
    • Radar Tower1 Radar Tower

    Some games also: advanced solar (41%) · brute (35%) · Dragon's Teeth (35%)

    The standard build makes here, this one skips: 7 grunt

    By 10:00 in all: 7 mex · 18 wind · 1 energy storage · 3 con turret

    The example game in this phase · 124 steps
    1. LasherLasher
    2. Mex
    3. LasherLasher ×5
    4. Mex
    5. LasherLasher ×3
    6. GuardGuard
    7. LasherLasher ×3
    8. Construction VehicleCon vehicle
    9. Advanced solar
    10. Construction VehicleCon vehicle
    11. Energy storage
    12. Con turret
    13. Dragon's TeethDragon's Teeth ×2
    14. LasherLasher
    15. Dragon's TeethDragon's Teeth
    16. LasherLasher ×2
    17. GuardGuard
    18. LasherLasher
    19. Con turret
    20. Advanced solar
    21. Advanced Metal ExtractorT2 mexdone 9:48 · typical 8:55
    22. Mex
    23. GuardGuard
    24. Radar TowerRadar Tower
    25. Advanced Metal ExtractorT2 mex
    26. Con turret
    27. Advanced Metal ExtractorT2 mex
    28. Wind ×4
    29. Con turret
    30. Converter
    31. Wind ×2
    32. Con turret
    33. Advanced Metal ExtractorT2 mex
    34. Wind ×2
    35. Converter
    36. Con turret ×2
    37. Wind ×2
    38. Advanced solar
    39. Wind ×2
    40. Converter
    41. Advanced solar
    42. Advanced Metal ExtractorT2 mex
    43. Wind ×2
    44. Advanced solar
    45. Wind
    46. Converter
    47. Advanced solar
    48. Wind ×2
    49. Advanced Metal ExtractorT2 mex
    50. Wind
    51. Vehicle PlantVehicle Plantdone 12:40
    52. Wind
    53. Converter
    54. IncisorIncisor ×2
    55. Wind
    56. IncisorIncisor
    57. Wind
    58. IncisorIncisor
    59. Wind
    60. IncisorIncisor
    61. Vehicle PlantVehicle Plantdone 13:04
    62. Wind
    63. IncisorIncisor
    64. Converter
    65. Con turret
    66. IncisorIncisor
    67. Con turret
    68. Wind ×2
    69. IncisorIncisor ×2
    70. Wind
    71. IncisorIncisor ×2
    72. Wind
    73. IncisorIncisor ×3
    74. Converter
    75. RascalRascal
    76. IncisorIncisor ×2
    77. Advanced Metal ExtractorT2 mex
    78. IncisorIncisor
    79. RascalRascal
    80. Wind
    81. IncisorIncisor ×2
    82. Wind
    83. IncisorIncisor ×2
    84. Wind
    85. IncisorIncisor ×2
    86. Wind
    87. IncisorIncisor
    88. RascalRascal
    89. Converter
    90. IncisorIncisor ×4
    91. Wind
    92. IncisorIncisor ×3
    93. Wind
    94. RascalRascal
    95. IncisorIncisor ×2
    96. Wind
    97. IncisorIncisor ×2
    98. Wind
    99. IncisorIncisor
    100. Advanced Metal ExtractorT2 mex
    101. IncisorIncisor
    102. Converter
    103. IncisorIncisor
    104. RascalRascal
    105. IncisorIncisor
    106. Twin GuardTwin Guard
    107. IncisorIncisor ×2
    108. Wind
    109. IncisorIncisor ×2
    110. Wind
    111. IncisorIncisor ×2
    112. Wind
    113. RascalRascal
    114. IncisorIncisor ×2
    115. Wind
    116. IncisorIncisor ×2
    117. Converter
    118. IncisorIncisor ×3
    119. RascalRascal
    120. IncisorIncisor ×2
    121. Wind
    122. IncisorIncisor ×3
    123. Wind
    124. IncisorIncisor ×2

Counts are medians over the build's games: half of them build more, half fewer. The example game is _X_'s (44 OS, 23/09/2026); pick another.

Team trades

IN AT LEAST 30% OF ITS GAMES

You hand over

Nothing regular.

You get

  • Tidal Generator4 Tidal from Pondfirst at 0:15 · in 71% of games
  • Advanced Construction Bot1 T2 con bot from Geo or Techfirst at 7:21 · in 71% of games

How it plays out

Typical game of this build against the role’s standard build, running totals by minute

  • This build
  • Standard front

Metal produced

010k20k30k
0:005:0010:0015:00

metal

Enemy metal destroyed

02.5k5k7.5k
0:005:0010:0015:00

metal

Own metal lost

05k10k
0:005:0010:0015:00

metal

17 games.

Show as table
ByMetal produced: This buildMetal produced: Standard frontEnemy metal destroyed: This buildEnemy metal destroyed: Standard frontOwn metal lost: This buildOwn metal lost: Standard front
1:003313310000
2:008958640000
3:0016651632718512086
4:0028212697292352250348
5:0038813807761950505947
6:00496250691191170410081785
7:00599464032050258114272693
8:00714876932544332715483737
9:00828690813516392020474434
10:009754108054190442428045184
11:0011345127354190508233835966
12:0013332149454361529741447104
13:0016096173244485594759577675
14:0019203197285034633171368778
15:0022084225285572690171369802
WHAT THE NUMBERS SAY

Won more often than the standard build while losing dramatically less metal for slightly less destruction.

  • + Own metal lost less than half the standard build by 10:00 and 15:00.
  • + Team win rate well above the role's standard build.
  • − Enemy metal destroyed slightly trails standard at every checkpoint.
  • − Rare opening, only 9% of role games hit Lasher this early.
THE EXAMPLE YOU ARE READING

_X_

43.5 OS · 23/09/2026

Open source match ↗

6 received units · includes a constructor
0 metal received · 56448 energy received

Allied construction assistance is unknown. Timings are observations, not a promise of solo reproducibility.

Typical milestones

Vehicle Plant0:48Middle 50%: 0:28–0:51 · n=17
Advanced Metal Extractor8:55Middle 50%: 8:33–10:07 · n=14

Played most by

_X_4games of this buildErilium3games of this buildMischievousDragonGF2games of this build_Hawkey_1game of this build[crd]sisa1game of this build